 Dungeon Crawl Stone Soup version 0.18-a0-1800-gdc7a371 (webtiles) character file.

3759 M4edhros the Covert (level 10, -4/138 HPs)
             Began as an Octopode Artificer on Apr 24, 2016.
             Slain by a boulder beetle (29 damage)
             ... on level 9 of the Dungeon.
             The game lasted 00:14:55 (20034 turns).

M4edhros the Covert (Octopode Artificer)           Turns: 20034, Time: 00:14:56

Health: -4/138     AC: 25    Str: 12      XL:     10   Next: 15%
Magic:  12/12      EV:  2    Int: 16      God:    Xom [......]
Gold:   406        SH:  0    Dex: 14 (15) Spells: 0 memorised, 9 levels left

rFire  . . .     SeeInvis .     l - +0 halberd (flame)
rCold  . . .     Gourm    .     (shield currently unavailable)
rNeg   + + +     Faith    .     (helmet currently unavailable)
rPois  +         Spirit   .     (no amulet)
rElec  .         Dismiss  .     m - +1 ring of slaying
rCorr  .         Reflect  .     n - ring of wizardry (curse)
SustAt .         Harm     .     p - ring of poison resistance
MR     .....     NoTele   +     (no ring)
Stlth  ++++++++..               (no ring)
                                (no ring)
                                (no ring)
                                (no ring)

@: tree-form, very slightly contaminated, hasted, invisible, very quick, not
resistant to hostile enchantments, extraordinarily stealthy
A: almost no armour, (amphibious), 8 rings, (constrict 8), (beak), (large bone
plates 0), (yellow scales 0), (camouflage 0), blurry vision 2, deterioration 1,
(fire resistance 0), robust 2, strong 1, (gelatinous body 0)
a: Renounce Religion


You were on level 9 of the Dungeon.
You worshipped Xom.
You were a very special plaything of Xom.
You were hungry.
You were a tree.
You visited 2 branches of the dungeon, and saw 11 of its levels.

You collected 406 gold pieces.

Inventory:

Hand Weapons
 a - a +0 short sword
 l - a +0 halberd of flaming (weapon)
 A - a +0 blowgun
 B - a +1 mace of protection
Missiles
 k - 75 sling bullets
 q - 520 stones (quivered)
 F - 8 poisoned needles
Jewellery
 m - a +1 ring of slaying (left branch)
 n - a cursed ring of wizardry (right branch)
 p - a ring of poison resistance (on tentacle)
Wands
 b - a wand of flame (0/48)
 c - a wand of enslavement (1/24)
 d - a wand of random effects (3/48)
 j - a wand of enslavement (19/24)
 H - a wand of digging (8/24)
Scrolls
 e - 3 scrolls of teleportation {unknown}
 f - a scroll of enchant armour {unknown}
 g - 16 scrolls of identify {unknown}
 h - 8 scrolls of remove curse {unknown}
 o - 4 scrolls of magic mapping {unknown}
 r - a scroll of amnesia {unknown}
 t - 3 scrolls of enchant weapon {unknown}
 u - a scroll of fear {unknown}
 y - a scroll of blinking {unknown}
 z - 2 scrolls of random uselessness {unknown}
 D - a scroll of immolation {unknown}
 E - a scroll of recharging {unknown}
Potions
 v - a potion of cancellation
 x - a potion of berserk rage {unknown}
 C - a potion of flight {unknown}
Comestibles
 G - a beef jerky
 I - 2 chunks of flesh


   Skills:
 + Level 10.6 Fighting
 - Level 1.0 Short Blades
 - Level 2.0 Dodging
 - Level 13.1 Stealth
 - Level 3.2 Evocations


You had 9 spell levels left.
You didn't know any spells.

Dungeon Overview and Level Annotations

Branches:
Dungeon (10/15)            Temple (1/1) D:7
   Lair: D:8-11         Orc: D:9-12

Altars:
Ashenzari
Cheibriados
Dithmenos
Elyvilon
Fedhas
Gozag
Kikubaaqudgha
Makhleb
Nemelex Xobeh
Okawaru
Pakellas
Qazlal
Ru
Sif Muna
Trog
Vehumet
Xom
Zin

Shops:
D:8 *

Annotations:
D:3 M4edhros's ghost, amateur OpAr
D:5 M4edhros's ghost, novice OpAr


Innate Abilities, Weirdness & Mutations

You cannot wear most types of armour.
((You are amphibious.))
You can wear up to eight rings at the same time.
((You can use your tentacles to constrict eight enemies at once.))
((Your skin changes colour to match your surroundings (Stealth).))
((Your rubbery body absorbs attacks (AC +1).))
((You have a beak for a mouth.))
((You are partially covered in large bone plates (AC +2, SH +2).))
((You are partially covered in yellow scales (AC +2).))
Scrolls take you longer to read.
Your body sometimes deteriorates upon taking damage.
((Your flesh is heat resistant.))
You are very robust (+20% HP).
Your muscles are strong. (Str +2)


Message History

The boulder beetle is lightly wounded.
The boulder beetle bites you.
* * * LOW HITPOINT WARNING * * *
Drink which item? (? for menu, Esc to quit)
You feel better.
Drink which item? (? for menu, Esc to quit)
You feel better. The boulder beetle bites you!!
* * * LOW HITPOINT WARNING * * *
Your body deteriorates!
You feel clumsy.
Drink which item? (? for menu, Esc to quit)
You feel better.
Drink which item? (? for menu, Esc to quit)
You feel better.
Evoke which item? (* to show all) (? for menu, Esc to quit)
Zapping:
c - a wand of enslavement (2/24)
Press: ? - help, Shift-Dir - straight line, f/p - boulder beetle
Aim: a boulder beetle (lightly wounded, chance to defeat MR: 35%)
The boulder beetle easily resists.
This wand has 1 charge left.
The boulder beetle bites you!!
You die...

#.# #.# #.# #.# ###.#
#...# #.#......
########################
#......♣B......$.).#
..##################


You could see a boulder beetle.

Vanquished Creatures
  An orc warrior (D:6)
  A wyvern (D:10)
  A basilisk (D:8)
  The ghost of M4edhros the Sneak, an amateur OpAr of Gozag (D:4)
  A black bear (D:7)
  An ice beast (D:7)
  A phantom (D:7)
  4 sky beasts
  An ogre (D:7)
  3 centaurs
  2 big kobolds
  Blork the orc (D:4)
  2 giant frogs (D:10)
  A wyvern zombie (D:7)
  A water moccasin zombie (D:5)
  2 scorpions
  4 killer bees (D:7)
  6 howler monkeys
  A crimson imp (D:7)
  3 hounds
  3 jellies
  2 centaur skeletons (D:4)
  4 orc priests
  A giant frog skeleton (D:10)
  3 iguanas
  9 orc wizards
  11 worker ants
  2 worker ant zombies
  Robin (D:4)
  2 gnolls (D:8)
  13 adders
  3 shadow imps
  An adder skeleton (D:4)
  A worm (D:2)
  A dart slug (D:6)
  3 giant geckos
  24 orcs
  A ball python (D:1)
  6 giant cockroaches
  21 goblins
  6 hobgoblins
  11 jackals
  A kobold (shapeshifter) (D:9)
  24 kobolds
  A quokka (D:3)
  A ball python skeleton (D:5)
  10 bats
  A giant gecko skeleton (D:6)
  5 giant newts
  A quokka skeleton (D:5)
  5 rats
216 creatures vanquished.

Vanquished Creatures (collateral kills)
  An ice beast (D:6)
  A worm (D:3)
  An orc (D:6)
  A hobgoblin (D:3)
4 creatures vanquished.

Vanquished Creatures (others)
  A quokka (D:3)
1 creature vanquished.

Grand Total: 221 creatures vanquished

Notes
Turn   | Place    | Note
--------------------------------------------------------------
     0 | D:1      | M4edhros the Octopode Artificer began the quest for the Orb.
     0 | D:1      | Reached XP level 1. HP: 13/13 MP: 3/3
    28 | D:1      | Reached skill level 2 in Stealth
    38 | D:1      | Reached XP level 2. HP: 7/18 MP: 4/4
   217 | D:1      | Reached skill level 3 in Stealth
  1016 | D:2      | Reached skill level 4 in Stealth
  1016 | D:2      | Reached XP level 3. HP: 23/23 MP: 5/5
  1065 | D:2      | Reached skill level 5 in Stealth
  1323 | D:2      | Found a sacrificial altar of Ru.
  1342 | D:2      | Found a deep blue altar of Sif Muna.
  1473 | D:2      | Reached XP level 4. HP: 17/28 MP: 6/6
  1772 | D:2      | Reached skill level 6 in Stealth
  1798 | D:3      | Found a snail-covered altar of Cheibriados.
  1803 | D:3      | Reached XP level 5. HP: 31/33 MP: 7/7
  1873 | D:3      | Found a stormy altar of Qazlal.
  2151 | D:3      | Reached skill level 7 in Stealth
  2318 | D:3      | Found a shattered altar of Ashenzari.
  2405 | D:3      | Found a white marble altar of Elyvilon.
  2431 | D:3      | Noticed M4edhros's ghost (amateur OpAr)
  2712 | D:3      | Reached skill level 8 in Stealth
  2892 | D:3      | Reached XP level 6. HP: 31/38 MP: 8/8
  2896 | D:3      | Found a burning altar of Makhleb.
  3345 | D:4      | Noticed Robin
  3352 | D:4      | Gained mutation: Your spells are a little easier to cast, but a little less powerful. [potion of mutation]
  3352 | D:4      | Gained mutation: Your muscles are strong. (Str +2) [potion of mutation]
  3363 | D:4      | Killed Robin
  3421 | D:4      | Noticed M4edhros's ghost (amateur OpAr)
  3456 | D:5      | Entered Level 5 of the Dungeon
  3456 | D:5      | Noticed M4edhros's ghost (novice OpAr)
  3590 | D:6      | Reached skill level 9 in Stealth
  3921 | D:6      | Noticed an orc warrior
  3923 | D:6      | Noticed an ice beast
  3924 | D:6      | Reached skill level 10 in Stealth
  3924 | D:6      | Reached XP level 7. HP: 31/43 MP: 9/9
  3960 | D:6      | Gained mutation: You are dopey. (Int -2) [potion of mutation]
  3960 | D:6      | Gained mutation: You are robust (+10% HP). [potion of mutation]
  3960 | D:6      | Gained mutation: You are very robust (+20% HP). [potion of mutation]
  4575 | D:4      | Reached skill level 11 in Stealth
  5082 | D:5      | Reached skill level 12 in Stealth
  5082 | D:5      | Reached XP level 8. HP: 20/57 MP: 10/10
  5516 | D:4      | Noticed Blork the orc
  5517 | D:4      | Killed Blork the orc
  5517 | D:4      | Reached skill level 13 in Stealth
  5649 | D:4      | Killed M4edhros's ghost
  6358 | D:7      | Found an iron altar of Okawaru.
  6389 | D:7      | Found a blossoming altar of Fedhas.
  6405 | D:7      | Found a bloodstained altar of Trog.
  6413 | D:7      | Reached skill level 5 in Fighting
  6475 | D:7      | Reached XP level 9. HP: 73/73 MP: 11/11
  6545 | D:7      | Found a staircase to the Ecumenical Temple.
  6814 | Temple   | Entered the Ecumenical Temple
  6946 | Temple   | Became a worshipper of Xom of Chaos
  7866 | Temple   | XOM: scenery: create altars
  7912 | Temple   | XOM is BORED!
  7912 | Temple   | XOM: mild Conj miscast
  8770 | Temple   | XOM: noise
  9057 | Temple   | XOM: colour smoke trail
  9575 | Temple   | XOM: harmless Necr miscast
 10009 | Temple   | XOM: divination: magic mapping
 10426 | Temple   | XOM: mild Tloc miscast
 10618 | Temple   | XOM is BORED!
 11408 | Temple   | XOM: give mutations
 11408 | Temple   | Gained mutation: Your body sometimes deteriorates upon taking damage. [Xom's mischief]
 11408 | Temple   | Gained mutation: Your magical capacity is low (-10% MP). [Xom's mischief]
 11458 | Temple   | XOM: harmless Air miscast
 11466 | Temple   | XOM: mild Summ miscast
 11698 | Temple   | XOM: divination: detect items
 11956 | Temple   | XOM: severe Conj miscast
 12379 | Temple   | XOM: stat loss: -1 Str (11/12)
 12827 | Temple   | XOM: noise
 13304 | Temple   | XOM: give mutations
 13304 | Temple   | Gained mutation: You have a beak for a mouth. [Xom's grace]
 13304 | Temple   | Gained mutation: You passively map a small area around you. [Xom's grace]
 13304 | Temple   | Gained mutation: You possess an exceptional clarity of mind. [Xom's grace]
 13356 | Temple   | XOM: give mutations
 13356 | Temple   | Gained mutation: You passively map the area around you. [Xom's grace]
 13356 | Temple   | Gained mutation: Your flesh is heat resistant. [Xom's grace]
 13356 | Temple   | Lost mutation: You are dopey. (Int -2) [Xom's grace]
 13356 | Temple   | Gained mutation: You are partially covered in yellow scales (AC +2). [Xom's grace]
 13598 | Temple   | XOM: god gift: scroll labeled VIOS EZAROA
 14213 | Temple   | XOM: give mutation
 14213 | Temple   | Lost mutation: Your spells are a little easier to cast, but a little less powerful. [Xom's grace]
 14343 | Temple   | XOM: god gift: halberd {god gift}
 14788 | Temple   | XOM: silly message
 14832 | Temple   | XOM: divination: detect creatures
 14881 | Temple   | XOM: silly message
 14964 | Temple   | XOM: give mutations
 14964 | Temple   | Lost mutation: You passively map the area around you. [Xom's mischief]
 14964 | Temple   | Lost mutation: You passively map a small area around you. [Xom's mischief]
 14964 | Temple   | Lost mutation: You are very robust (+20% HP). [Xom's mischief]
 15021 | Temple   | XOM: colour smoke trail
 15602 | Temple   | XOM: colour smoke trail
 15628 | Temple   | XOM: mild Conj miscast
 16148 | Temple   | XOM: torment (35/68 hp)
 16215 | Temple   | XOM is BORED!
 16215 | Temple   | XOM: mild Summ miscast
 16669 | D:7      | XOM: enchant monster (bad)
 16978 | D:7      | XOM: 2-stop teleportation journey
 17001 | D:7      | XOM: confuse monster(s)
 17032 | D:7      | XOM: summons friendly iron imp
 17107 | D:7      | XOM: summons 3 friendly demons
 17395 | D:7      | XOM: medium Chrm miscast
 17455 | D:7      | XOM: give mutations
 17455 | D:7      | Gained mutation: Scrolls take you a little longer to read. [Xom's mischief]
 17455 | D:7      | Lost mutation: Your magical capacity is low (-10% MP). [Xom's mischief]
 17461 | D:7      | XOM: noise
 17470 | D:7      | XOM: enchant monster (good)
 17482 | D:7      | XOM: fog
 17489 | D:7      | XOM: summons 4 hostile demons
 17653 | Temple   | XOM: give mutations
 17653 | Temple   | Lost mutation: Your muscles are strong. (Str +2) [Xom's mischief]
 17653 | Temple   | Gained mutation: Scrolls take you longer to read. [Xom's mischief]
 17661 | Temple   | XOM: divination: detect creatures
 18111 | Temple   | XOM: mild Pois miscast
 18113 | Temple   | XOM: give mutations
 18113 | Temple   | Lost mutation: You possess an exceptional clarity of mind. [Xom's mischief]
 18113 | Temple   | Gained mutation: You are partially covered in large bone plates (AC +2, SH +2). [Xom's mischief]
 18113 | Temple   | Lost mutation: Your body sometimes deteriorates upon taking damage. [Xom's mischief]
 18113 | Temple   | Lost mutation: Scrolls take you longer to read. [Xom's mischief]
 18251 | Temple   | XOM: give mutation
 18251 | Temple   | Gained mutation: Your body sometimes deteriorates upon taking damage. [Xom's mischief]
 18558 | Temple   | XOM: mild Summ miscast
 18656 | D:8      | Found Zin's Purification Station.
 18658 | D:8      | Found a glowing silver altar of Zin.
 18685 | D:8      | XOM: polymorph sky beast -> basilisk
 18692 | D:8      | XOM: medium Pois miscast
 18702 | D:8      | Gained mutation: Your muscles are strong. (Str +2) [mutagenic meat]
 18708 | D:8      | XOM: mild Necr miscast
 18802 | D:8      | XOM: god gift: scroll labeled QOKOPTU NOMAD
 18952 | D:8      | XOM: harmless Tloc miscast
 18957 | D:8      | XOM: confusion (+ monsters)
 18961 | D:8      | XOM: mild Air miscast
 18992 | D:8      | Found a radiant altar of Vehumet.
 19060 | D:8      | Gained mutation: You are very robust (+20% HP). [potion of mutation]
 19060 | D:8      | Gained mutation: Scrolls take you longer to read. [potion of mutation]
 19082 | D:8      | XOM: summons 2 hostile demons
 19110 | D:9      | XOM: polymorph orc -> kobold
 19148 | D:9      | XOM: summons 3 hostile shadow creatures
 19162 | D:10     | Entered Level 10 of the Dungeon
 19162 | D:10     | Found a blossoming altar of Fedhas.
 19280 | D:10     | XOM: harmless Hex miscast
 19368 | D:10     | XOM: confusion
 19381 | D:10     | XOM: noise
 19446 | D:10     | Reached skill level 10 in Fighting
 19446 | D:10     | Reached XP level 10. HP: 79/91 MP: 12/12
 20022 | D:9      | XOM: chaos cloud
 20027 | D:9      | HP: 5/138 [boulder beetle (32)]
 20034 | D:9      | Slain by a boulder beetle

Vault maps used:
D:1:      ncdulo_wetmaze
D:2:      marbit_many_paths, nicolae_ru_the_path_less_chosen
D:3:      lightli_temple_of_fire, ashenzari_conservatory_becter,
          nicolae_overflow_hidden_temple, elyvilon_altar_4, grunt_ministairs_10
D:4:      uniq_blork_the_orc, uniq_robin
D:5:      first_bread
D:6:      portal_sewer_entry_e
D:7:      lemuel_doored_altar, nicolae_overflow_crystal_walls,
          okawaru_metal_pillars_1_2, minmay_temple_entry_crystal_x
D:8:      corexii_shantytown, zin_purify, lemuel_round_altar,
          nicolae_tso_swordbearing_angel, lemuel_coloured_pillars_altar,
          grunt_ogre_cave, uniq_grum
D:9:      boulder_corridor_run, lair_0_dummy
D:10:     basic_altar
Temple:   hc_temple_tempest_star_small

Skill      XL: |  1  2  3  4  5  6  7  8  9 |
---------------+----------------------------+-----
Stealth        | 2 4 5 6 8 10 12 13 | 13.1
Fighting       | 5 10 | 10.6
Short Blades   | |  1.0
Dodging        | |  2.0
Evocations     | |  3.2

Action                   |  1- 3 |  4- 6 |  7- 9 | 10-12 || total
-------------------------+-------+-------+-------+-------++-------
Melee: Short sword       |    53 |   139 |   135 |       ||   327
       Constrict         |    10 |    42 |    43 |     5 ||   100
       Tentacles         |     5 |    27 |    55 |     4 ||    91
       Halberd           |       |       |    98 |    48 ||   146
       Mace              |       |       |    51 |       ||    51
       Peck              |       |       |    29 |     5 ||    34
Evoke: Wand              |       |     2 |    31 |     8 ||    41
  Use: Potion            |       |     6 |    10 |     7 ||    23
       Scroll            |       |       |     1 |       ||     1
 Stab: Sleeping          |    16 |    22 |    26 |     5 ||    69
       Confused          |       |       |     2 |       ||     2
       Distracted        |       |       |     1 |     1 ||     2
  Eat: Chunk             |     1 |     8 |    12 |     3 ||    24
       Pizza             |       |       |     2 |       ||     2
       Meat ration       |       |       |     1 |       ||     1
       Bread ration      |       |       |     6 |       ||     6
       Fruit             |       |       |     2 |       ||     2
Armor: Skin              |     1 |     8 |    65 |    11 ||    85
Dodge: Dodged            |    24 |    95 |   203 |    19 ||   341
Block: Other             |       |       |    11 |     2 ||    13
